 Dungeon Crawl Stone Soup version 0.21-a0-329-g12f17e1 (webtiles) character file.

156 nikopol the Magician (level 5, 0/29 HPs)
             Began as a Deep Elf Fire Elementalist on Oct 1, 2017.
             Killed by divine providence
             ... invoked by an orc priest
              (11 damage)
             ... on level 3 of the Dungeon.
             The game lasted 00:08:58 (2296 turns).

nikopol the Magician (Deep Elf Fire Elementalist)   Turns: 2296, Time: 00:09:00

Health: 0/29       AC:  3    Str:  5    XL:     5   Next: 15%
Magic:  10/14      EV: 13    Int: 20    God:
Gold:   204        SH:  0    Dex: 16    Spells: 7/13 levels left

rFire    . . .     SeeInvis .   p - +1 short sword (speed)
rCold    . . .     Gourm    .   (no shield)
rNeg     . . .     Faith    .   r - +1 robe {Archmagi}
rPois    .         Spirit   .   (no helmet)
rElec    .         Reflect  .   (no cloak)
rCorr    .         Harm     .   (no gloves)
MR       .....                  (no boots)
Stlth    ++........             (no amulet)
HPRegen  0.09/turn              (no ring)
MPRegen  0.14/turn              (no ring)

@: no status effects
A: no striking features
a: no special abilities


You were on level 3 of the Dungeon.
You were not hungry.

You visited 1 branch of the dungeon, and saw 3 of its levels.

You collected 204 gold pieces.

Inventory:

Hand Weapons
 p - a +1 short sword of speed (weapon)
Armour
 a - a +0 robe
 r - a +1 robe of the Archmagi (worn)
Jewellery
 j - a +5 ring of dexterity {unknown}
Scrolls
 d - 4 scrolls of identify {unknown}
 m - a scroll of fear {unknown}
 n - 2 scrolls of remove curse {unknown}
 o - 2 scrolls of recharging {unknown}
 s - 4 scrolls of teleportation {unknown}
 u - a scroll of fog {unknown}
 w - a scroll of magic mapping {unknown}
Potions
 e - a potion of invisibility {unknown}
 g - a potion of magic {unknown}
 h - 2 potions of flight {unknown}
 k - 3 potions of haste {unknown}
 q - a potion of might {unknown}
 t - 3 potions of ambrosia {unknown}
 v - a potion of berserk rage {unknown}
 x - a potion of brilliance {unknown}
Books
 b - a book of Flames

   Spells                             Type                      Level
   a - Flame Tongue                   Conjuration/Fire             1
   b - Throw Flame                    Conjuration/Fire             2
   c - Conjure Flame                  Conjuration/Fire             3
   d - Inner Flame                    Hexes/Fire                   3
   e - Sticky Flame                   Conjuration/Fire             4
   f - Fireball                       Conjuration/Fire             5
Comestibles
 c - 4 bread rations
 f - a royal jelly
 i - 3 meat rations
 l - 3 chunks of flesh


   Skills:
 + Level 1.0 Fighting
 + Level 2.6 Dodging
 + Level 2.9 Stealth
 + Level 4.6 Spellcasting
 + Level 2.3 Conjurations
 + Level 4.6 Fire Magic


You had 7 spell levels left.
You knew the following spells:

 Your Spells              Type           Power        Failure   Level  Hunger
a - Flame Tongue          Conj/Fire      ####.        2%          1    None
b - Throw Flame           Conj/Fire      ####..       4%          2    #......
c - Conjure Flame         Conj/Fire      ####....     9%          3    ##.....


Dungeon Overview and Level Annotations

Branches:
Dungeon (3/15)

Altars:


Message History

Press: ? - help, Shift-Dir - straight line, f/p - orc wizard
Aim: an orc wizard, wielding a dagger and wearing a robe (heavily wounded)
You feel a surge of power!
The flame tongue hits the orc wizard.
You kill the orc wizard!
You have reached level 5!
The orc hits you but does no damage.
The orc priest miscasts a cantrip.
Casting: Flame Tongue
Confirm with . or Enter, or press ? or * to list all spells.
Aiming: Flame Tongue
Press: ? - help, Shift-Dir - straight line, f - orc
Aim: an orc, wielding a trident and wearing a chain mail You feel a surge of power!
The flame tongue misses the orc.
The orc barely misses you. The leopard gecko closely misses you.
The orc priest miscasts a cantrip.
The leopard gecko bites you.
The orc priest mumbles some strange prayers to Beogh against you.
Beogh smites you!
You die...

#..÷#.....# #...#.###.#
##...#.#<#.# #### #....#......
.o.# #....###.... ##.#
#........... ##.#####
#.#..##.#...
##.....###############.#..##.....
..........o.o..l@...)..#######...
#.#....#########....##########...
#.#..[......####............####.
#>...........)[)....(............
###.........########........#....
#.........# #........#.†##
#.........# #............)
#.........# #.........#.##
########### #######.#.#.#


You could see an orc priest, an orc and a leopard gecko.

Vanquished Creatures
  2 orc wizards (D:3)
  2 adders (D:2)
  2 worms
  A dart slug (D:1)
  A leopard gecko (D:3)
  7 orcs (D:3)
  A ball python (D:2)
  7 bats
  3 giant cockroaches
  8 goblins
  5 hobgoblins
  9 jackals (D:1)
  6 kobolds
  A quokka (D:3)
  3 frilled lizards
  6 rats
64 creatures vanquished.

Notes
Turn   | Place    | Note
-------+----------+-------------------------------------------
     0 | D:1      | nikopol the Deep Elf Fire Elementalist began the quest for the Orb.
     0 | D:1      | Reached XP level 1. HP: 10/10 MP: 6/6
    99 | D:1      | Reached XP level 2. HP: 11/15 MP: 0/8
   845 | D:1      | Reached XP level 3. HP: 19/19 MP: 3/10
  1115 | D:2      | Learned a level 2 spell: Throw Flame
  1119 | D:2      | Learned a level 3 spell: Conjure Flame
  1514 | D:2      | Reached XP level 4. HP: 24/24 MP: 9/12
  1840 | D:3      | Reached skill level 1 in Fighting
  2274 | D:3      | Reached XP level 5. HP: 14/29 MP: 8/14
  2296 | D:3      | Killed from afar by an orc priest

Vault maps used:
D:1:      elethiomel_arrival_shortcut
D:3:      serial_bayou_pond_c, patterned_corridor

Skill      XL: |  1  2  3  4 |
---------------+-------------+-----
Fire Magic     | 4 |  4.6
Spellcasting   | 4 |  4.6
Conjurations   | 2 |  2.3
Fighting       | 1 |  1.0
Dodging        | |  2.6
Stealth        | |  2.9

Action                   |  1- 3 |  4- 6 || total
-------------------------+-------+-------++-------
Melee: Short sword       |       |     1 ||     1
 Cast: Flame Tongue      |    74 |    53 ||   127
  Eat: Chunk             |     2 |     2 ||     4
Armor: Robe              |    10 |     2 ||    12
Dodge: Dodged            |    32 |    11 ||    43

Table legend:
 A = Spawn XP
 B = Non-spawn XP
 C = Spawn XP percentage of total XP
 D = Spawn monster count
 E = Non-spawn monster count
 F = Spawn count percentage of total count
 G = Total turns spent on level
                    A         B        C        D         E        F      G
               +---------+---------+-------+---------+---------+-------+---------
         Total |       0 |     224 |   0.0 |       0 |      64 |   0.0 |  2296
               +---------+---------+-------+---------+---------+-------+---------
           D:1 |       0 |      46 |   0.0 |       0 |      25 |   0.0 |  1076
           D:2 |       0 |      53 |   0.0 |       0 |      16 |   0.0 |   702
           D:3 |       0 |     125 |   0.0 |       0 |      23 |   0.0 |   518
               +---------+---------+-------+---------+---------+-------+---------
